 Dungeon Crawl Stone Soup version 0.30-a0-715-gdb4ae3ece1 (webtiles) character file.

Game seed: 4069848035628159374

129659 mampy3000 the Severer (level 16, -13/152 HPs)
             Began as a Minotaur Berserker on Jan 23, 2023.
             Was a High Priest of Trog.
             Mangled by an ettin
             ... wielding a +0 dire flail
              (30 damage)
             ... on level 2 of the Depths.
             The game lasted 01:20:46 (20337 turns).

mampy3000 the Severer (Minotaur Berserker)         Turns: 20337, Time: 01:20:46

Health: -13/152    AC: 31    Str: 29    XL:     16   Next: 51%
Magic:  15/15      EV: 16    Int: 10    God:    Trog [*****.]
Gold:   1877       SH: 25    Dex: 23    Spells: 15/15 levels left

rFire   + + .      SeeInvis +    Y - +8 broad axe "Wuewuthra" {flame, rF+}
rCold   . . .      Faith    .    G - +2 tower shield
rNeg    + . .      Spirit   .    b - +8 plate armour of Qischoa {Harm Int+4 Stlth+}
rPois   .          Reflect  .    P - +2 hat
rElec   .          Harm     +    R - +1 cloak of Space {Dex+4 Slay+3 SInv}
rCorr   .          Rampage  .    (no gloves)
Will    +....                    E - +0 pair of boots of Honesty {Fly rF+ rN+ Int+2} Stlth
                                 k - amulet of the Distant Future {Acrobat Regen+ Dex+2}
HPRegen 1.25/turn                j - +6 ring of strength
MPRegen 0.14/turn                H - +5 ring of evasion

@: on berserk cooldown, flying
A: horns 2, retaliatory headbutt
a: Renounce Religion, Berserk, Trog's Hand, Brothers in Arms


You were on level 2 of the Depths.
You worshipped Trog.
Trog was extremely pleased with you.
You visited 5 branches of the dungeon, and saw 25 of its levels.

You collected 2463 gold pieces.
You spent 586 gold pieces at shops.

Inventory:

Hand Weapons
 Y - the +8 broad axe "Wuewuthra" (weapon) {flame, rF+}
   (Trog gifted it to you on level 2 of the Depths)

   rF:        It protects you from fire.
Missiles
 u - 7 throwing nets (quivered)
 W - a boomerang of dispersal
Armour
 b - the +8 plate armour of Qischoa (worn) {Harm Int+4 Stlth+}
   (You took it off an orc warrior on level 7 of the Dungeon)

   Int:       It affects your intelligence (+4).
   Harm:      It increases damage dealt and taken.
   Stlth:     It makes you more stealthy.
 E - the +0 pair of boots of Honesty (worn) {Fly rF+ rN+ Int+2}
   (You bought it in a shop on level 3 of the Dungeon)

   Int:       It affects your intelligence (+2).
   rF:        It protects you from fire.
   rN:        It protects you from negative energy.
   Fly:       It grants you flight.
 G - a +2 tower shield (worn)
 P - a +2 hat (worn)
 R - the +1 cloak of Space (worn) {Dex+4 Slay+3 SInv}
   (You found it on level 1 of the Lair of Beasts)

   Dex:       It affects your dexterity (+4).
   Slay:      It affects your accuracy & damage with ranged weapons and melee
   (+3).
   SInv:      It lets you see invisible.
Jewellery
 j - a +6 ring of strength (left hand)
 k - the amulet of the Distant Future (around neck) {Acrobat Regen+ Dex+2}
   (You acquired it on level 9 of the Dungeon)

   [amulet of the acrobat]

   It increases your evasion while moving and waiting.
   Dex:       It affects your dexterity (+2).
   Regen:     It increases your rate of health regeneration.
 m - the ring of Vytwoddu {Fly rF+}
   (You found it on level 2 of the Dungeon)

   [ring of flight]

   rF:        It protects you from fire.
   Fly:       It grants you flight.
 n - an amulet of faith
 y - a ring of resist corrosion
 H - a +5 ring of evasion (right hand)
 I - a ring of willpower
 J - a ring of poison resistance
 Q - a ring of protection from fire
Wands
 p - a wand of polymorph (17)
 D - a wand of paralysis (20)
 F - a wand of roots (15)
 M - a wand of digging (22)
 O - a wand of quicksilver (7)
Scrolls
 a - 3 scrolls of identify
 e - 3 scrolls of enchant armour
 g - a scroll of immolation
 i - 2 scrolls of fear
 q - a scroll of summoning
 s - 15 scrolls of teleportation
 v - a scroll of fog
 B - a scroll of blinking
 K - a scroll of enchant weapon
 T - 3 scrolls of magic mapping
 V - a scroll of amnesia
 Z - a scroll of brand weapon
Potions
 c - a potion of might
 d - 5 potions of lignification
 f - 4 potions of resistance
 h - 3 potions of haste
 o - 4 potions of flight
 r - 3 potions of magic
 t - 9 potions of curing
 w - a potion of invisibility {unknown}
 x - 2 potions of attraction {unknown}
 z - 6 potions of heal wounds
 A - 2 potions of brilliance {unknown}
 C - a potion of cancellation
 L - 4 potions of mutation {unknown}
 N - a potion of ambrosia
Miscellaneous
 l - a tin of tremorstones (2/2)
 X - a condenser vane


   Skills:
 + Level 16.5 Fighting
 + Level 2.4 Long Blades
 + Level 19.9 Axes
 + Level 14.9 Armour
 + Level 6.2 Dodging
 + Level 3.1 Stealth
 + Level 19.1 Shields


You had 15 spell levels left.
You didn't know any spells.
Your spell library was empty.

Dungeon Overview and Level Annotations

Branches:
Dungeon (15/15)            Temple (0/1) D:5            Lair (5/5) D:10
  Swamp (0/4) Lair:3       Spider (0/4) Lair:2        Slime (0/5) Lair:4
    Orc (2/2) D:11            Elf (1/3) Orc:2        Vaults (0/5) D:14
 Depths (2/4) D:15

Altars:
Fedhas
Nemelex Xobeh
Qazlal
Yredelemnul
Zin
The Shining One
Jiyva

Shops:
D:3 !?=[[   D:6 (=*[[[   D:14 [   Orc:2 =:((   Depths:1 !!*

Portals:
Hell: Depths:1
Abyss: Depths:1
Pandemonium: Depths:2

Annotations:
D:6 2 transporters, tkbsonic5's ghost, novice MfIE
Lair:3 exclusion: oklob plant
Lair:4 exclusion: 2 oklob plants
Depths:2 the Enchantress


Innate Abilities, Weirdness & Mutations

You have a pair of horns on your head.
You reflexively headbutt those who attack you in melee.


Message History

The Enchantress mumbles some strange words.
You are more confused.
You feel a strong urge to attack something.
You are no longer berserk.
You are exhausted.
You feel as though you will be slow longer.
The Enchantress misses you. The Enchantress blocks your attack.
The Enchantress is lightly wounded.
You hit the ettin but do no damage. The ettin completely misses you.
The ettin hits you with a +2 dire flail of holy wrath!!
The Enchantress casts a spell at you.
You feel as though you will be slow longer.
The Enchantress hits you with a +0 quick blade of protection!
The ettin barely misses you.
The ettin hits you with a +2 dire flail of holy wrath!!
You slash the ettin! You burn the ettin.
The ettin is moderately wounded.
You miss the Enchantress.
You feel your willpower return. The ettin hits you but does no damage.
The ettin hits you with a +2 dire flail of holy wrath!!
* * * LOW HITPOINT WARNING * * *
The Enchantress misses you.
You slash the ettin! You burn the ettin. Your headbutt misses the ettin.
The ettin is heavily wounded.
You completely miss the Enchantress.
The ettin hits you with a +0 dire flail!
* * * LOW HITPOINT WARNING * * *
The ettin barely misses you.
The Enchantress mumbles some strange words.
The Enchantress seems to speed up.
Your magical effects are unravelling.
You feel magically purged.
You feel yourself speed up.
You feel less confused. You block the Enchantress's attack.
The stone giant throws a large rock.
You block the large rock. The ettin misses you. The ettin closely misses you.
You block the Enchantress's attack.
The ettin hits you with a +0 dire flail!!
You die...

..####.. ###.#.# ... .....#
## ..# .....# #.### ...
(....#.. #...### #'# ......#
#....#.###.. .....##
#....C#...#### #.###.#
#..C[#....#.# ##.....#
##.i@#.....# #......#
#.###.#....# ... .#.....#
#...###...## ... .#...... ..
#....#.###.# .... .#
....###.. #..<..#...##....
..#.###.#.#
#.#....#....#.....
.###.....# ..###.[.#.....#
... #.#......#...
#.###.#....#....
...#.....#.....#...###...#..


You could see the Enchantress (fast, repels missiles), a stone giant and an
ettin.

Vanquished Creatures
  Nikola (Depths:1)
  A tengu reaver (Depths:1)
  2 frost giants (Depths:2)
  2 fire giants (Depths:2)
  3 spectral caustic shrikes (Depths:1)
  4 stone giants
  A reaper (Depths:2)
  3 spriggan defenders (Depths:2)
  A merfolk impaler (Depths:1)
  The ghost of Lobster4 the Destroyer, a journeyman HuCj of the Shining One (Lair:1)
  Josephine (Lair:5)
  5 fire dragons
  3 rakshasas
  2 ice dragons (Depths:2)
  4 hydras
  3 catoblepae (Lair:5)
  2 spriggan air magi (Depths:2)
  An ogre mage (Depths:1)
  21 death yaks
  9 centaur warriors
  3 boulder beetles
  3 tengu warriors
  3 two-headed ogres
  5 orc high priests (Orc:2)
  A dancing weapon (Elf:1)
  Urug (Lair:1)
  A deep troll earth mage (Depths:2)
  6 hell knights (Depths:2)
  Nergalle (Lair:1)
  The ghost of JzDz the Cleaver, a novice HOFi (D:7)
  Amaemon (Lair:1)
  A sun demon (Depths:2)
  An iron troll (Depths:2)
  A glowing orange brain (Depths:1)
  2 bog bodies (Lair:3)
  3 deep trolls (Depths:2)
  2 necromancers (Depths:2)
  16 ugly things
  3 deep elf zephyrmancers
  An orc knight (D:15)
  6 deep elf pyromancers
  2 orc sorcerers
  4 cyclopes
  A wolf spider (Depths:1)
  12 centaur zombies (D:12)
  4 slime creatures
  5 black mambas
  4 manticores
  2 rust devils (Depths:2)
  An elephant (shapeshifter) (D:13)
  A naga mage (Depths:1)
  A smoke demon (Depths:2)
  2 gargoyles (D:13)
  2 torpor snails
  An orange demon (Lair:1)
  10 cane toads
  2 rime drakes
  9 komodo dragons
  A kobold demonologist (D:10)
  6 tengu conjurers
  A red devil (Depths:2)
  2 polar bears
  A hellwing (Depths:2)
  A meliai (Lair:2)
  7 trolls
  A hornet (Lair:1)
  5 dream sheep (Lair:4)
  3 blink frogs (Lair:1)
  A ynoxinul (Depths:2)
  2 shadows (D:11)
  A meliai zombie (D:12)
  A wraith (D:14)
  A spriggan (Depths:2)
  A vampire (D:12)
  7 wyverns
  A wyvern (shapeshifter) (D:14)
  58 yaks
  A chaos spawn (Depths:2)
  2 basilisks
  A hog (Depths:1)
  5 steam dragons
  11 vampire mosquitoes
  A warg (Orc:2)
  Menkaure (D:6)
  3 acid dragons
  20 water moccasins
  19 orc warriors
  A sky beast (D:7)
  An ice beast (Depths:1)
  A black bear (Lair:1)
  5 ogres
  6 wolves (Lair:5)
  13 centaurs
  2 phantoms (D:5)
  2 kobold brigands
  9 bullfrogs
  2 gnoll sergeants
  4 necrophages
  4 scorpions
  13 wights
  14 killer bees
  2 howler monkeys (D:7)
  A vampire bat (Depths:1)
  4 jellies
  3 gnoll boudas
  25 orc priests
  2 hounds
  Terence (D:3)
  4 iguanas
  25 orc wizards
  Ijyb (D:3)
  Robin (D:3)
  20 gnolls
  14 adders
  2 shadow imps
  An ufetubus (D:6)
  A worm (D:4)
  69 orcs
  10 ball pythons
  5 endoplasms
  A giant cockroach (D:2)
  9 goblins
  16 hobgoblins
  2 jackals (D:4)
  15 kobolds
  A quokka (D:3)
  5 bats (D:1)
  A frilled lizard (D:2)
  4 rats
682 creatures vanquished.

Vanquished Creatures (collateral kills)
  An orc high priest (Orc:2)
  An orc knight (Orc:2)
  A cane toad (Lair:5)
  3 wraiths (Lair:5)
  A basilisk (Lair:5)
  3 yaks (Lair:5)
  An acid dragon (D:9)
  A water moccasin (Lair:5)
  4 orc warriors (Orc:2)
  A wolf (Lair:5)
  A scorpion (D:9)
  3 orc priests (Orc:2)
  An orc wizard (Orc:2)
  6 orcs (Orc:2)
28 creatures vanquished.

Vanquished Creatures (others)
  An unseen horror (D:12)
  34 fungi
  36 plants
71 creatures vanquished.

Grand Total: 781 creatures vanquished

Notes
Turn   | Place    | Note
-------+----------+-------------------------------------------
     0 | D:1      | mampy3000 the Minotaur Berserker began the quest for the
                  | Orb.
     0 | D:1      | Reached XP level 1. HP: 19/19 MP: 0/0
   173 | D:1      | Reached XP level 2. HP: 23/27 MP: 1/1
   596 | D:2      | Reached ** piety under Trog
   597 | D:2      | Reached XP level 3. HP: 28/34 MP: 2/2
  1105 | D:2      | Identified the ring of Vytwoddu {Fly rF+}
  1109 | D:2      | Found a faded altar of an unknown god.
  1194 | D:3      | Reached XP level 4. HP: 36/41 MP: 3/3
  1205 | D:3      | Noticed Robin
  1214 | D:3      | Killed Robin
  1267 | D:3      | Noticed Ijyb
  1275 | D:3      | Killed Ijyb
  1291 | D:3      | Noticed Terence
  1298 | D:3      | Killed Terence
  1299 | D:3      | Reached XP level 5. HP: 23/47 MP: 4/4
  1455 | D:3      | Found Atworuly's Magic Scroll Emporium.
  1460 | D:3      | Reached skill level 5 in Axes
  1470 | D:3      | Bought a scroll of summoning for 114 gold pieces
  1552 | D:3      | Found Egoum's Distillery.
  1701 | D:3      | Found a blossoming altar of Fedhas.
  1869 | D:3      | Found Bufiaz's Antique Armour Emporium.
  1881 | D:3      | Found Xosi's Armour Shop.
  1986 | D:3      | Found Vowutusk's Jewellery Shop.
  2303 | D:4      | Reached XP level 6. HP: 55/55 MP: 5/5
  2366 | D:4      | Reached *** piety under Trog
  2367 | D:4      | Reached skill level 5 in Armour
  2959 | D:5      | Entered Level 5 of the Dungeon
  2967 | D:5      | Reached skill level 5 in Fighting
  3059 | D:5      | Reached XP level 7. HP: 55/61 MP: 6/6
  3300 | D:5      | Found a sparkling altar of Nemelex Xobeh.
  3311 | D:5      | Found a glowing silver altar of Zin.
  3328 | D:5      | Found a staircase to the Ecumenical Temple.
  3519 | D:5      | Reached XP level 8. HP: 70/70 MP: 7/7
  3926 | D:6      | Found Osexoy's Jewellery Boutique.
  3928 | D:6      | Found Ilarus's Antique Armour Shoppe.
  4125 | D:6      | Found a transporter.
  4127 | D:6      | Noticed tkbsonic5's ghost (novice MfIE)
  4127 | D:6      | Identified the +10 giant spiked club of the Immovable Moons
                  | {spect, rF+ Str+2 Dex+2}
  4261 | D:6      | Found a transporter.
  4333 | D:6      | Noticed Menkaure
  4343 | D:6      | Killed Menkaure
  4376 | D:6      | Found Inil's Serpentskin Sales.
  4516 | D:6      | Found Pyeroc's Antique Armour Shop.
  4516 | D:6      | Found Sycats's Armour Shop.
  4780 | D:6      | Found Weelory's Weapon Emporium.
  5174 | D:3      | Bought a pair of polished boots for 180 gold pieces
  5174 | D:3      | Identified the +0 pair of boots of Honesty {Fly rF+ rN+
                  | Int+2} (You bought it in a shop on level 3 of the Dungeon)
  5369 | D:7      | Reached XP level 9. HP: 45/79 MP: 8/8
  5550 | D:7      | Reached skill level 1 in Stealth
  5572 | D:7      | Reached skill level 10 in Axes
  5776 | D:7      | Reached **** piety under Trog
  6095 | D:7      | Found a runed translucent gate.
  6095 | D:7      | Found a runed translucent gate.
  6095 | D:7      | Found a runed translucent gate.
  6098 | D:7      | Noticed JzDz's ghost (novice HOFi)
  6098 | D:7      | Identified the +8 plate armour of Qischoa {Harm Int+4
                  | Stlth+}
  6377 | D:7      | Reached skill level 1 in Shields
  6394 | D:7      | Killed JzDz's ghost
  6395 | D:7      | Reached skill level 5 in Dodging
  6697 | D:8      | Reached XP level 10. HP: 88/88 MP: 9/9
  6795 | D:8      | Reached skill level 10 in Armour
  6797 | D:8      | Noticed a two-headed ogre
  6801 | D:8      | Noticed a two-headed ogre
  6808 | D:8      | Reached skill level 5 in Shields
  6808 | D:8      | Killed a two-headed ogre
  6809 | D:8      | Killed a two-headed ogre
  7311 | D:9      | Reached ***** piety under Trog
  7326 | D:9      | Identified a scroll of acquirement
  7326 | D:9      | Acquired the amulet of the Distant Future {Acrobat Regen+
                  | Dex+2}
  7457 | D:9      | Reached XP level 11. HP: 95/95 MP: 10/10
  7778 | D:9      | Found a glowing golden altar of the Shining One.
  7978 | D:9      | Noticed a two-headed ogre
  7985 | D:9      | Killed a two-headed ogre
  8092 | D:10     | Entered Level 10 of the Dungeon
  8096 | D:10     | Noticed a centaur warrior
  8101 | D:10     | Killed a centaur warrior
  8110 | D:10     | Noticed a sun demon
  8114 | D:10     | Noticed a soul eater
  8446 | D:10     | Found a staircase to the Lair.
  8790 | D:11     | Noticed a green ugly thing
  8800 | D:11     | Killed a green ugly thing
  9073 | D:11     | You are sucked into a shaft and drop 1 floor!
  9201 | D:12     | Reached skill level 10 in Fighting
  9220 | D:12     | Noticed a purple ugly thing
  9228 | D:12     | Killed a purple ugly thing
  9232 | D:12     | Reached XP level 12. HP: 106/106 MP: 11/11
  9240 | D:12     | Reached skill level 15 in Axes
  9260 | D:12     | Found a basalt altar of Yredelemnul.
  9279 | D:12     | Reached skill level 10 in Shields
  9732 | D:13     | Noticed a centaur warrior
  9879 | D:11     | Found a staircase to the Orcish Mines.
  9981 | Lair:1   | Entered Level 1 of the Lair of Beasts
 10007 | Lair:1   | Found a stormy altar of Qazlal.
 10059 | Lair:1   | Noticed Urug
 10067 | Lair:1   | Killed Urug
 10148 | Lair:1   | Found a runed translucent gate.
 10148 | Lair:1   | Found a runed translucent gate.
 10148 | Lair:1   | Found a runed translucent gate.
 10155 | Lair:1   | Received a gift from Trog
 10168 | Lair:1   | Noticed Lobster4's ghost (journeyman HuCj)
 10171 | Lair:1   | Found a viscous altar of Jiyva.
 10189 | Lair:1   | Killed Lobster4's ghost
 10203 | Lair:1   | Identified the +1 cloak of Space {Dex+4 Slay+3 SInv}
 10254 | Lair:1   | Noticed Amaemon
 10265 | Lair:1   | Killed Amaemon
 10326 | Lair:1   | Noticed Nergalle
 10336 | Lair:1   | Killed Nergalle
 10337 | Lair:1   | Reached XP level 13. HP: 116/116 MP: 12/12
 11280 | Lair:2   | Found a hole to the Spider Nest.
 11753 | Lair:3   | Identified the +1 robe "Iguon" {rPois rC+ Int-3}
 11858 | Lair:3   | Found a staircase to the Swamp.
 12620 | Lair:4   | Reached ****** piety under Trog
 12633 | Lair:4   | Received a gift from Trog
 12843 | Lair:4   | Found a viscous altar of Jiyva.
 12844 | Lair:4   | Found a staircase to the Slime Pits.
 12865 | Lair:4   | Found a blossoming altar of Fedhas.
 13199 | Lair:5   | Entered Level 5 of the Lair of Beasts
 13425 | Lair:5   | Reached XP level 14. HP: 129/129 MP: 13/13
 13632 | Lair:5   | Identified the +3 long sword "Fioc" {spect, Dex+5}
 13711 | Lair:5   | Noticed Josephine
 13725 | Lair:5   | Killed Josephine
 13726 | Lair:5   | Received a gift from Trog
 13733 | Lair:5   | Reached skill level 1 in Long Blades
 13892 | Lair:5   | Reached skill level 15 in Shields
 14632 | Orc:1    | Entered Level 1 of the Orcish Mines
 15150 | Orc:2    | Entered Level 2 of the Orcish Mines
 15281 | Orc:2    | Found a staircase to the Elven Halls.
 15299 | Orc:2    | Received a gift from Trog
 15522 | Orc:2    | Found Yschucou's Antique Weapon Shoppe.
 15522 | Orc:2    | Found Jewon's Weapon Shoppe.
 15523 | Orc:2    | Found Liju's Jewellery Emporium.
 15527 | Orc:2    | Found Imoris's Book Emporium.
 15901 | Elf:1    | Entered Level 1 of the Elven Halls
 16205 | D:13     | Reached XP level 15. HP: 139/139 MP: 14/14
 16806 | D:14     | Received a gift from Trog
 16932 | D:14     | Found Reufit's Antique Armour Shop.
 17069 | D:14     | Found a gate to the Vaults.
 17136 | D:14     | Reached skill level 15 in Fighting
 17510 | D:15     | Entered Level 15 of the Dungeon
 17612 | D:15     | Found a staircase to the Depths.
 18687 | Depths:1 | Entered Level 1 of the Depths
 18702 | Depths:1 | Found Lahoc's General Store.
 18704 | Depths:1 | Found Sowaf's Distillery.
 18707 | Depths:1 | Found Ogirim's Distillery.
 18714 | Depths:1 | Bought a potion of heal wounds for 100 gold pieces
 18716 | Depths:1 | Bought a potion of ambrosia for 112 gold pieces
 18718 | Depths:1 | Bought a potion of heal wounds for 80 gold pieces
 19026 | Depths:1 | Noticed Nikola
 19042 | Depths:1 | Killed Nikola
 19057 | Depths:1 | Noticed a tengu reaver
 19067 | Depths:1 | Killed a tengu reaver
 19138 | Depths:1 | Found a gateway to Hell.
 19360 | Depths:1 | Found a one-way gate to the infinite horrors of the Abyss.
 19495 | Depths:1 | Reached XP level 16. HP: 150/150 MP: 15/15
 19855 | Depths:2 | Found a one-way gate leading to the halls of Pandemonium.
 19856 | Depths:2 | Identified the +8 broad axe "Wuewuthra" {flame, rF+} (Trog
                  | gifted it to you on level 2 of the Depths)
 19856 | Depths:2 | Received a gift from Trog
 20317 | Depths:2 | Noticed the Enchantress
 20337 | Depths:2 | Mangled by an ettin

Illustrated notes

Levels and vault maps discovered:
D:1:      minmay_arrival_four_circles, layout_basic
D:2:      layout_rooms, shapermc_ecumenical_altar_hornbeckon
D:3:      layout_loops_cross, fedhas_altar_3, serial_shops, shop_statue,
          nicolae_shop_statue_plus, nicolae_diamond_shop, shop,
          nicolae_square_shop, uniq_terence, uniq_ijyb, uniq_robin
D:4:      layout_loops_ring
D:5:      layout_loops_cross, minitemple, temple_statues
D:6:      layout_loops_cross, gammafunk_ghost_smash, serial_shops, shop, shop,
          nicolae_shop_advertising_works [nicolae_subvault_shop_adworks], shop,
          nicolae_take_the_stairs, minivault_1, guppyfry_shop_venom,
          uniq_menkaure
D:7:      layout_basic, biasface_ghost_orc_armoury
D:8:      layout_cave_pools, minmay_fractal_squares_diagonal_5
D:9:      layout_irregular_city, tso_oasis_becter
D:10:     layout_cave_pools, grunt_lair_entry_orc_guard_hut
D:11:     layout_cave_pools, minmay_orc_entry_temple_small
D:12:     layout_roguey, nicolae_yredelemnul_corpse_copse
D:13:     layout_cave_pools
D:14:     nicolae_hitomezashi [nicolae_hito_row, nicolae_hito_row,
          nicolae_hito_row, nicolae_hito_row, nicolae_hito_row,
          nicolae_hito_row, nicolae_hito_row, nicolae_hito_row,
          nicolae_hito_row, nicolae_hito_row, nicolae_hito_row,
          nicolae_hito_row, nicolae_hito_row, nicolae_hito_row,
          nicolae_hito_row, nicolae_hito_row, nicolae_hito_row,
          nicolae_hito_row], layout_gridville, serial_shops,
          nicolae_shop_crystal, hangedman_abyss_or_decor_lesser_grid
D:15:     grunt_enter_depths_snipers, layout_loops_corners
Lair:1:   layout_cellular_growth, basic_altar, gammafunk_ghost_ooze,
          dreamdust_gnoll_shepherd, grunt_megastairs_1, uniq_nergalle,
          uniq_urug, uniq_amaemon
Lair:2:   layout_small_grid, hellmonk_spider_entry_not_the_bees,
          grunt_megastairs_3
Lair:3:   layout_regular_city, skrybe_swamp_entry_bodies, grunt_megastairs_2
Lair:4:   layout_roguey, slime_entry_1, hangedman_tree_tricks,
          lemuel_oklob_altar
Lair:5:   evilmike_catoblepas_cave, layout_regular_city, grunt_megastairs_4,
          uniq_josephine
Orc:1:    layout_caves, minmay_orc_keep
Orc:2:    st_orc_mages, layout_caves
Elf:1:    elf_arrival_002, layout_geoelf_grid, serial_shops, nicolae_shop_stone,
          shop, gammafunk_ghost_cemetery, minmay_elf_demonology, uniq_agnes
Depths:1: layout_honeycomb, hangedman_abyss_entry_splay,
          pf_hell_entry_tar_river, hangedman_research_metamorphosis,
          minmay_shop_star, uniq_nikola
Depths:2: nicolae_BIG_FREAKIN_CUBE, layout_honeycomb, pf_hell_entry_great_geh,
          serial_shops, bzr_firewalk, grunt_pan_entry_zigzag, uniq_enchantress

Skill      XL: |  1  2  3  4  5  6  7  8  9 10 11 12 13 14 15 16 |
---------------+-------------------------------------------------+-----
Fighting       | 4 5 7 8 10 11 13 14 15 16 | 16.5
Axes           | 4 5 6 7 9 10 12 14 16 17 18 19 | 19.9
Armour         | 3 4 6 8 9 10 11 12 13 14 | 14.9
Dodging        | 3 4 5 6 |  6.2
Stealth        | 1 2 3 |  3.1
Shields        | 4 6 9 12 14 16 18 19 | 19.1
Long Blades    | 2 |  2.4

Action                     |  1- 3 |  4- 6 |  7- 9 | 10-12 | 13-15 | 16-18 || total
---------------------------+-------+-------+-------+-------+-------+-------++-------
  Melee: Hand axe          |    89 |   117 |   230 |    95 |       |       ||   531
         Headbutt          |     8 |    27 |    37 |    92 |   149 |    27 ||   340
         Punch             |       |     2 |     2 |       |       |       ||     4
         War axe           |       |       |       |   294 |   130 |       ||   424
         Broad axe         |       |       |       |       |   447 |   128 ||   575
         Long sword        |       |       |       |       |    12 |       ||    12
 Invoke: Berserk           |       |     2 |     5 |    11 |    19 |     4 ||    41
         Trog's Hand       |       |       |     1 |       |     2 |       ||     3
         Brothers in Arms  |       |       |       |     1 |     3 |       ||     4
    Use: Scroll            |     1 |       |    13 |     9 |     4 |     4 ||    31
         Potion            |       |       |       |     1 |     2 |     1 ||     4
   Stab: Distracted        |       |       |       |       |     3 |       ||     3
 Armour: Animal skin       |     6 |       |       |       |       |       ||     6
         Leather armour    |     9 |       |       |       |       |       ||     9
         Scale mail        |     8 |    38 |    75 |       |       |       ||   121
         Plate armour      |       |       |    24 |   130 |   168 |    19 ||   341
  Dodge: Dodged            |    52 |    61 |    95 |   190 |   238 |    42 ||   678
  Block: Tower shield      |       |       |    62 |   373 |   630 |    88 ||  1153

Table legend: (Time is in decaauts)
 A = Elapsed time spent in this place.
 B = Non-inter-level travel time spent in this place.
 C = Inter-level travel time spent in this place.
 D = Time resting spent in this place.
 E = Time spent auto-exploring this place.
 F = Levels seen in this place.
 G = Mean time per level.
                   A        B        C        D        E       F      G
               +--------+--------+--------+--------+--------+-----+--------+
         Total |  20655 |  19035 |   1620 |      0 |  13809 |  25 |  826.2 |
       Dungeon |  12869 |  11701 |   1168 |      0 |   8623 |  15 |  857.9 |
          Lair |   4679 |   4374 |    305 |      0 |   3361 |   5 |  935.8 |
  Orcish Mines |   1383 |   1270 |    113 |      0 |    795 |   2 |  691.5 |
   Elven Halls |     69 |     69 |      0 |      0 |      0 |   1 |   69.0 |
        Depths |   1655 |   1621 |     34 |      0 |   1030 |   2 |  827.5 |
               +--------+--------+--------+--------+--------+-----+--------+

Top non-repeatable levels by time:
  Lair:5: 1283 daAuts
     D:7: 1214 daAuts
    D:15: 1195 daAuts
     D:6: 1154 daAuts
     D:3: 1120 daAuts
Depths:1: 1070 daAuts
  Lair:1: 983 daAuts
     D:4: 980 daAuts
     D:5: 920 daAuts
     D:9: 911 daAuts
  Lair:3: 888 daAuts
  Lair:4: 834 daAuts
     D:8: 785 daAuts
   Orc:2: 771 daAuts
    D:12: 756 daAuts
